 Dungeon Crawl Stone Soup version 0.30-a0-636-g200c5c4a83 (webtiles) character file.

Game seed: 12993733619695417102

197 MacCMillion the Caller (level 5, -2/35 HPs)
             Began as a Merfolk Summoner on Jan 15, 2023.
             Was an Initiate of Ashenzari.
             Slain by a gnoll bouda
             ... wielding a +0 club
              (8 damage)
             ... on level 5 of the Dungeon.
             The game lasted 00:21:03 (3697 turns).

MacCMillion the Caller (Merfolk Summoner)           Turns: 3697, Time: 00:21:03

Health: -2/35      AC:  4    Str: 20    XL:     5   Next: 75%
Magic:  3/8        EV: 13    Int: 20    God:    Ashenzari [......]
Gold:   256        SH:  0    Dex: 14    Spells: 1/8 levels left

rFire   + . .      SeeInvis .    B - +0 glaive
rCold   . . .      Faith    .    (shield currently unavailable)
rNeg    . . .      Spirit   .    a - +0 robe "Gaze Upon Infinity" {Evo, Cun} (curse)
rPois   .          Reflect  .    (no helmet)
rElec   .          Harm     .    n - +0 cloak
rCorr   .          Rampage  .    z - +0 pair of gloves
Will    .....                    (no boots)
Stlth   ++                       (no amulet)
HPRegen 0.25/turn                w - ring "Muewkekk" {rF+ Str+6 Int+3}
MPRegen 0.11/turn                C - +6 ring of strength

@: weakened
A: (nimble swimmer 2), mertail
a: Renounce Religion, Shatter the Chains


You were on level 5 of the Dungeon.
You worshipped Ashenzari.
Ashenzari was noncommittal.
You visited 1 branch of the dungeon, and saw 5 of its levels.

You collected 256 gold pieces.

Inventory:

Hand Weapons
 e - a +0 dagger
 v - a +0 short sword of venom
 B - a +0 glaive (weapon)
Missiles
 d - 5 javelins
Armour
 a - the cursed +0 robe "Gaze Upon Infinity" (worn) {Evo, Cun}

   It has a curse which improves the following skills: Evocations: Evocations.
   Cunning:   Dodging and Stealth.
 g - a +0 leather armour
 n - a +0 cloak (worn)
 z - a +0 pair of gloves (worn)
Magical Staves
 m - a staff of fire
Jewellery
 j - the ring of Nemelex Xobeh's Envy {rC+++ Will+ rCorr Dex-4 Stlth+}
   (You acquired it on level 4 of the Dungeon)

   [ring of resist corrosion]

   Dex:       It affects your dexterity (-4).
   rC:        It renders you almost immune to cold.
   rCorr:     It protects you from acid and corrosion.
   Will:      It increases your willpower.
   Stlth:     It makes you more stealthy.
 w - the ring "Muewkekk" (left hand) {rF+ Str+6 Int+3}
   (You acquired it on level 4 of the Dungeon)

   [ring of strength]

   Str:       It affects your strength (+6).
   Int:       It affects your intelligence (+3).
   rF:        It protects you from fire.
 C - a +6 ring of strength (right hand)
 D - a ring of fire
 E - a +4 ring of slaying
Wands
 A - a wand of paralysis (2)
Scrolls
 c - a scroll of fog
 i - a scroll of amnesia
 k - a scroll of poison
 l - a scroll of vulnerability
 p - a scroll of magic mapping
 q - a scroll of immolation
 u - a scroll of enchant weapon {unknown}
 x - a scroll of teleportation {unknown}
 y - a scroll of fear {unknown}
Potions
 b - a potion of magic
 f - 3 potions of attraction
 h - a potion of curing
 o - 2 potions of degeneration
 r - a potion of lignification
 s - a potion of ambrosia {unknown}
 t - 4 potions of flight {unknown}
 F - a potion of heal wounds {unknown}


   Skills:
 - Level 2.6(3.0) Dodging
 - Level 2.1(2.5) Stealth
 + Level 2.2 Spellcasting
 * Level 2.3 Hexes
 + Level 6.1 Summonings


You had one spell level left.
You knew the following spells:

 Your Spells              Type           Power      Damage    Failure   Level
a - Summon Small Mammal   Summ           100%       N/A       1%          1
b - Call Canine Familiar  Summ           26%        N/A       3%          3
c - Summon Guardian Gole  Hex/Summ       19%        N/A       9%          3

Your spell library contained the following spells:

 Spells                   Type           Power      Damage    Failure   Level
 Slow                     Hex            44%        N/A       6%          1
 Apportation              Tloc           4%         N/A       16%         1
 Magic Dart               Conj           8%         1d3       16%         1
 Necrotise                Necr           8%         1d4       16%         1
 Call Imp                 Summ           26%        N/A       1%          2
 Confusing Touch          Hex            11%        N/A       19%         3
 Summon Lightning Spire   Summ/Air       14%        N/A       41%         4
 Mephitic Cloud           Conj/Pois/Air  2%         N/A       43%         3
 Vampiric Draining        Necr           2%         2d6       43%         3


Dungeon Overview and Level Annotations

Branches:
Dungeon (5/15)
 Temple: D:4-7

Altars:
Ashenzari
Cheibriados
Makhleb
Okawaru
Trog
The Shining One

Shops:
D:3 :!=:

Annotations:
D:2 1 runed translucent door, Crazy Yiuf, Sigmund
D:4 Eustachio


Innate Abilities, Weirdness & Mutations

((You are very nimble when in or above water. (Stealth+, EV+, Speed+++)))
Your lower body shifts to a powerful aquatic tail in water.


Message History

Confirm with . or Enter, or press ? or * to list all spells.
Your hound bites the gnoll bouda.
The gnoll bouda utters an invocation to its god.
The gnoll bouda is healed somewhat.
The gnoll completely misses your hound.
The gnoll hits your guardian golem but does no damage.
Your hound barely misses the gnoll bouda.
The gnoll hits your guardian golem with a +0 flail.
The gnoll hits your hound with a +0 flail.
Your hound closely misses the gnoll bouda.
Your guardian golem overheats!
Your rat barely misses the gnoll bouda.
Your hound barely misses the gnoll bouda.
The gnoll bouda hits your rat with a +0 club.
Your rat dies!
Your rat's corpse disappears in a puff of smoke!
Flame seeps out of your guardian golem. The gnoll barely misses your hound.
The gnoll hits your guardian golem with a +0 flail.
Flame seeps out of your guardian golem.
Your guardian golem is engulfed in blazing flames.
Flame seeps out of your guardian golem.
Casting: Summon Small Mammal (safe; 1% risk of failure)
Confirm with . or Enter, or press ? or * to list all spells.
Your hound bites the gnoll bouda.
The gnoll hits your guardian golem with a +0 flail.
Flame seeps out of your guardian golem.
Your guardian golem is engulfed in blazing flames.
Flame seeps out of your guardian golem.
You open the door.
Your hound barely misses the gnoll bouda.
The gnoll hits your guardian golem with a +0 flail.
Your guardian golem disappears in a puff of smoke!
Your guardian golem explodes!
The fiery explosion engulfs the gnoll!!
The gnoll dies!
The fiery explosion engulfs the gnoll!
The gnoll dies!
Found a stone staircase leading down.
The gnoll bouda attacks as you move away!
The gnoll bouda hits you with a +0 club!
You die...

............###########
..#####..............
.. #..............
#..............
#..............
#..............
#####'######+#####
#.......#......
#.....g@'......
#..>h.r.#......
#..§§§..# >....
#..§.§..# ....
###g##### ..# #.g. .#
#..... . #......
#......#


You could see a gnoll bouda (ally target), 2 gnolls, a friendly hound (summoned,
sheltered) and a friendly quokka (summoned, sheltered).

Vanquished Creatures
  A gnoll (D:5)
  An orc (D:3)
  A giant cockroach (D:1)
  2 goblins
  2 hobgoblins
  A quokka (D:1)
8 creatures vanquished.

Vanquished Creatures (collateral kills)
  An orc priest (D:3)
  An orc wizard (D:3)
  2 gnolls (D:5)
  3 adders
  A dart slug (D:1)
  5 orcs
  6 ball pythons
  7 endoplasms
  3 giant cockroaches (D:4)
  2 goblins
  6 hobgoblins
  2 quokkas
  2 bats
  3 frilled lizards (D:1)
  4 kobolds
  3 rats
51 creatures vanquished.

Vanquished Creatures (others)
  2 gnolls (D:5)
2 creatures vanquished.

Grand Total: 61 creatures vanquished

Notes
Turn   | Place    | Note
-------+----------+-------------------------------------------
     0 | D:1      | MacCMillion the Merfolk Summoner began the quest for the
                  | Orb.
     0 | D:1      | Reached XP level 1. HP: 13/13 MP: 3/3
   162 | D:1      | Reached XP level 2. HP: 12/19 MP: 1/5
   425 | D:1      | Reached XP level 3. HP: 23/24 MP: 4/6
   429 | D:1      | Learned a level 3 spell: Call Canine Familiar
   478 | D:1      | Reached skill level 5 in Summonings
   538 | D:1      | Found a faded altar of an unknown god.
   742 | D:2      | Found Posikhlok's Assorted Antiques.
   780 | D:2      | Found a bloodstained altar of Trog.
   803 | D:2      | Noticed Sigmund
  1130 | D:2      | Found a runed translucent door.
  1131 | D:2      | Noticed Crazy Yiuf
  1604 | D:3      | Found Loot's Book Shop.
  1683 | D:3      | Found a snail-covered altar of Cheibriados.
  1878 | D:3      | Reached XP level 4. HP: 28/30 MP: 3/7
  1895 | D:3      | Reached skill level 1 in Hexes
  2055 | D:3      | Found an iron altar of Okawaru.
  2055 | D:3      | Found a glowing golden altar of the Shining One.
  2105 | D:3      | Found Hicoul's Book Shoppe.
  2158 | D:3      | Found a burning altar of Makhleb.
  2275 | D:1      | Prayed at the altar of an unknown god.
  2275 | D:1      | Became a worshipper of Ashenzari the Shackled
  2322 | D:3      | Reached XP level 5. HP: 35/35 MP: 6/8
  2532 | D:3      | Found Nishrasu's Jewellery Shop.
  2665 | D:3      | Found Atatyesch's Distillery.
  2780 | D:4      | Identified 2 scrolls of acquirement
  2780 | D:4      | Acquired the ring of Nemelex Xobeh's Envy {rC+++ Will+
                  | rCorr Dex-4 Stlth+}
  2791 | D:4      | Acquired the ring "Muewkekk" {rF+ Str+6 Int+3}
  2844 | D:4      | Reached skill level 6 in Summonings
  2865 | D:4      | Noticed Eustachio
  2928 | D:4      | Learned a level 3 spell: Summon Guardian Golem
  3578 | D:5      | Entered Level 5 of the Dungeon
  3697 | D:5      | Slain by a gnoll bouda

Illustrated notes

Levels and vault maps discovered:
D:1:      zaba_arrival_water, layout_rooms, ebering_ecumenical_altar_hall,
          chequers_serial_rivers_room_a
D:2:      layout_loops_ring, serial_shops, nicolae_shop_trees, basic_altar,
          uniq_robin, uniq_crazy_yiuf_cottage, uniq_sigmund
D:3:      layout_basic, lightli_temple_of_fire, nicolae_overflow_crystal_walls,
          chequers_temple_overflow_statue_of_worship, serial_shops, shop_coins,
          shop, shop, nicolae_shop_behind_doors, st_stairs_13, minmay_liquid_box
D:4:      layout_basic, uniq_eustachio
D:5:      layout_gridville, mainiacjoe_overflow_small_starburst

Skill      XL: |  1  2  3  4  5 |
---------------+----------------+-----
Summonings     | 5 6 |  6.1
Hexes          | 1 2 |  2.3
Dodging        | |  2.6
Stealth        | |  2.1
Spellcasting   | |  2.2

Action                   |  1- 3 |  4- 6 || total
-------------------------+-------+-------++-------
Melee: Dagger            |    26 |     5 ||    31
       Glaive            |       |    11 ||    11
 Cast: Summon Small Mamm |    31 |     4 ||    35
       Call Canine Famil |     7 |    14 ||    21
       Summon Guardian G |       |     2 ||     2
Invok: Curse Item        |       |     1 ||     1
  Use: Scroll            |       |    12 ||    12
       Potion            |       |     1 ||     1
 Stab: Sleeping          |       |     1 ||     1
Armor: Robe              |     2 |     3 ||     5
Dodge: Dodged            |    23 |     9 ||    32

Table legend: (Time is in decaauts)
 A = Elapsed time spent in this place.
 B = Non-inter-level travel time spent in this place.
 C = Inter-level travel time spent in this place.
 D = Time resting spent in this place.
 E = Time spent auto-exploring this place.
 F = Levels seen in this place.
 G = Mean time per level.
                   A        B        C        D        E       F      G
               +--------+--------+--------+--------+--------+-----+--------+
         Total |   3702 |   3411 |    291 |    276 |   1310 |   5 |  740.4 |
       Dungeon |   3702 |   3411 |    291 |    276 |   1310 |   5 |  740.4 |
               +--------+--------+--------+--------+--------+-----+--------+

Top non-repeatable levels by time:
     D:3: 1155 daAuts
     D:2: 950 daAuts
     D:4: 862 daAuts
     D:1: 611 daAuts
     D:5: 123 daAuts
